 Dungeon Crawl Stone Soup version 0.28.0-62-gf88900778d (webtiles) character file.

Game seed: 1356982074587348454

5121 cbfl8 the Cleaver (level 10, -8/86 HPs)
             Began as a Minotaur Fighter on May 12, 2023.
             Was an Initiate of Gozag.
             Mangled by a two-headed ogre
             ... wielding a +0 giant club
              (11 damage)
             ... on level 8 of the Dungeon.
             The game lasted 00:09:41 (10302 turns).

cbfl8 the Cleaver (Minotaur Fighter)               Turns: 10302, Time: 00:09:42

Health: -8/86      AC: 15    Str: 20    XL:     10   Next: 32%
Magic:  9/9        EV:  7    Int:  5    God:    Gozag
Gold:   296        SH:  5    Dex: 21    Spells: 9/9 levels left

rFire   . . .      SeeInvis .   i - +2 executioner's axe (vorpal)
rCold   . . .      Faith    .   (shield currently unavailable)
rNeg    . . .      Spirit   .   E - +0 plate armour
rPois   +          Reflect  +   (helmet restricted)
rElec   .          Harm     .   (no cloak)
rCorr   .          Rampage  .   (no gloves)
Will    .....                   B - +0 pair of boots
Stlth   ..........              b - amulet of reflection
HPRegen 0.24/turn               u - +6 ring of dexterity
MPRegen 0.11/turn               k - ring of poison resistance

@: gold aura
A: horns 2, retaliatory headbutt
a: Renounce Religion, Potion Petition, Call Merchant, Bribe Branch


You were on level 8 of the Dungeon.
You worshipped Gozag.
Gozag was aware of your devotion.
You visited 1 branch of the dungeon, and saw 8 of its levels.
You also visited: Bailey.

You collected 940 gold pieces.
You spent 330 gold pieces at shops.
You paid 314 gold pieces to Gozag.

Inventory:

Hand Weapons
 a - a +0 war axe
 i - a +2 vorpal executioner's axe (weapon)
 x - a +2 hand axe of venom
 z - a +0 broad axe
Missiles
 j - a throwing net (quivered)
Armour
 c - a +0 buckler
 v - a +0 chain mail
 B - a +0 pair of boots (worn)
 E - a +0 plate armour (worn)
Jewellery
 b - an amulet of reflection (around neck)
 e - a ring of protection from cold
 k - a ring of poison resistance (right hand)
 u - a +6 ring of dexterity (left hand)
 y - a ring of protection from fire
Wands
 F - a wand of charming (4)
Scrolls
 d - 2 scrolls of fog {unknown}
 g - 2 scrolls of brand weapon {unknown}
 h - 3 scrolls of identify {unknown}
 l - 2 scrolls of vulnerability {unknown}
 o - a scroll of enchant armour {unknown}
 q - a scroll of summoning {unknown}
 r - 2 scrolls of amnesia {unknown}
 t - a scroll of immolation {unknown}
 w - 2 scrolls of teleportation {unknown}
 C - a scroll of blinking {unknown}
 G - a scroll of magic mapping {unknown}
 I - a scroll of torment {unknown}
Potions
 f - 3 potions of flight {unknown}
 m - 4 potions of haste {unknown}
 n - a potion of ambrosia {unknown}
 p - 2 potions of lignification {unknown}
 s - 4 potions of brilliance {unknown}
 A - a potion of berserk rage {unknown}
 D - a potion of curing {unknown}
 H - 2 potions of mutation {unknown}
 J - a potion of magic {unknown}


   Skills:
 + Level 7.5 Fighting
 + Level 10.2 Axes
 + Level 9.2 Armour
 + Level 2.0 Dodging
 + Level 1.8 Stealth
 + Level 7.3 Shields
 * Level 6.2 Evocations


You had 9 spell levels left.
You didn't know any spells.
Your spell library contained the following spells:

 Spells                   Type           Power      Damage    Failure   Level
 Beastly Appendage        Tmut           0%         N/A       100%        1
 Sandblast                Erth           0%         2d4       100%        1
 Passwall                 Tmut/Erth      0%         N/A       100%        2
 Static Discharge         Conj/Air       0%         N/A       100%        2
 Wereblood                Tmut           0%         N/A       100%        2
 Confusing Touch          Hex            0%         N/A       100%        3
 Spider Form              Tmut/Pois      0%         N/A       100%        3
 Stone Arrow              Conj/Erth      0%         3d7       100%        3
 Animate Armour           Summ/Erth      0%         N/A       100%        4
 Dispel Undead            Necr           0%         3d6       100%        4
 Sticky Flame             Conj/Fire      0%         2d3       100%        4
 Yara's Violent Unravell  Hex/Tmut       0%         3d3       100%        5
 Enfeeble                 Hex            0%         N/A       100%        7
 Lehudib's Crystal Spear  Conj/Erth      0%         10d2      100%        8


Dungeon Overview and Level Annotations

Branches:
Dungeon (8/15)             Temple (0/1) D:4          Bailey (visited)
   Lair: D:8-11

Altars:
Gozag
Okawaru
Ru
Sif Muna

Shops:
D:6 =?   D:7 *


Innate Abilities, Weirdness & Mutations

You have a pair of horns on your head.
You reflexively headbutt those who attack you in melee.


Message History

You are too confused!
Found 8 gold pieces.
A magic dart appears from out of thin air!
The magic dart hits you but does no damage.
You are too confused!
Unknown command.
You are too confused!
Unknown command.
You're too confused to move!
You feel less confused.
You slash the two-headed ogre!
The two-headed ogre is lightly wounded.
You barely miss something.
The two-headed ogre hits you with a +0 giant club.
The two-headed ogre hits you with a +0 giant club!!
You hear some strange, mumbled words.
A puff of flame appears from out of thin air!
The puff of flame hits you.
A necrophage comes into view.
Something hits you but does no damage.
The two-headed ogre hits you with a +0 giant club!
You block the two-headed ogre's attack.
You slice the two-headed ogre!!
The two-headed ogre is heavily wounded.
You barely miss something. You slash the orc!
You kill the orc!
You hear some strange, mumbled words.
A puff of flame appears from out of thin air!
The puff of flame misses you.
The puff of flame hits the two-headed ogre.
The two-headed ogre hits you with a +0 giant club!!
* * * LOW HITPOINT WARNING * * *
The two-headed ogre hits you with a +0 giant club!
* * * LOW HITPOINT WARNING * * *
You barely miss the two-headed ogre.
The two-headed ogre is severely wounded.
You miss something. You block something's attack.
The two-headed ogre hits you with a +0 giant club!
You die...
Your body crumbles into a pile of gold.

#####........#........
#......#..........
############..........
......................
#########<....n###.##
....# #######..# $#
.(..# .......#.##.#
....# .......#.O#.####
....# .........@.....#
....# ......$##{$.##.#
....# ....... ##$.# $
....# ....... ....#
##### ....... ##..#
....... ..# #####+#
... #..# $ ..#


You could see a two-headed ogre and a necrophage.

Vanquished Creatures
  2 vault guards (Bailey)
  3 centaur zombies
  An unseen horror (D:8)
  A blink frog (Bailey)
  Prince Ribbit (D:7)
  5 humans (Bailey)
  3 water moccasins (D:7)
  A hornet zombie (D:8)
  2 ice beasts
  An ogre (D:7)
  A centaur (D:6)
  A phantom (D:7)
  9 bullfrogs
  2 howler monkeys (D:8)
  5 wights
  2 bullfrog skeletons (D:5)
  2 jellies (D:6)
  2 iguanas (D:4)
  3 orc wizards
  3 hound skeletons
  8 gnolls
  6 adders
  An ufetubus (D:4)
  An adder skeleton (D:4)
  A worm (D:2)
  4 dart slugs
  15 orcs
  9 ball pythons
  5 bats
  5 endoplasms
  A giant cockroach (D:2)
  4 goblins
  9 hobgoblins
  9 kobolds
  2 quokkas (D:2)
  5 frilled lizards
  8 rats
143 creatures vanquished.

Vanquished Creatures (others)
  2 plants (D:3)
2 creatures vanquished.

Grand Total: 145 creatures vanquished

Notes
Turn   | Place    | Note
-------+----------+-------------------------------------------
     0 | D:1      | cbfl8 the Minotaur Fighter began the quest for the Orb.
     0 | D:1      | Reached XP level 1. HP: 19/19 MP: 0/0
   187 | D:1      | Reached XP level 2. HP: 24/27 MP: 1/1
   741 | D:1      | Found a faded altar of an unknown god.
   792 | D:1      | Prayed at the altar of an unknown god.
   792 | D:1      | Became a worshipper of Sif Muna the Loreminder
   792 | D:1      | Reached * piety under Sif Muna
   793 | D:1      | Fell from the grace of Sif Muna
   929 | D:2      | Reached XP level 3. HP: 32/33 MP: 2/2
  1046 | D:2      | Reached skill level 3 in Axes
  2111 | D:3      | Reached XP level 4. HP: 32/40 MP: 3/3
  2880 | D:3      | Found an opulent altar of Gozag.
  2906 | D:3      | Reached skill level 1 in Evocations
  3450 | D:3      | Became a worshipper of Gozag Ym Sagoz the Greedy
  3493 | D:4      | Found a staircase to the Ecumenical Temple.
  3677 | D:4      | Reached XP level 5. HP: 12/46 MP: 4/4
  4043 | D:4      | Reached skill level 4 in Axes
  4046 | D:4      | Reached skill level 5 in Shields
  5074 | D:5      | Entered Level 5 of the Dungeon
  5121 | D:5      | Noticed a centaur warrior zombie
  5128 | D:5      | Reached XP level 6. HP: 34/53 MP: 5/5
  5138 | D:5      | Reached skill level 5 in Axes
  5138 | D:5      | Reached skill level 5 in Armour
  5138 | D:5      | Reached skill level 1 in Dodging
  5138 | D:5      | Reached XP level 7. HP: 23/60 MP: 6/6
  5490 | D:5      | Reached skill level 6 in Axes
  6255 | D:6      | Found Line's Magic Scroll Shoppe.
  6836 | D:6      | Found Feustepn's Jewellery Boutique.
  6841 | D:6      | Bought an amulet of reflection for 330 gold pieces
  7068 | D:6      | Found a sacrificial altar of Ru.
  7332 | D:7      | Reached XP level 8. HP: 66/67 MP: 7/7
  7343 | D:7      | Reached skill level 5 in Fighting
  7347 | D:7      | Reached skill level 1 in Stealth
  7697 | D:7      | Reached skill level 7 in Axes
  7915 | D:7      | Noticed Prince Ribbit
  7919 | D:7      | Killed Prince Ribbit
  8224 | D:7      | Found Efuly's Serpentskin Sales.
  8235 | D:7      | Reached skill level 8 in Axes
  8514 | D:8      | Killed an unseen horror
  8515 | D:8      | Reached XP level 9. HP: 41/75 MP: 8/8
  8568 | D:8      | Found an iron altar of Okawaru.
  8675 | D:8      | Was forgiven by Sif Muna
  8828 | D:8      | Found a flagged portal.
  8835 | Bailey   | Entered a bailey
  8887 | Bailey   | Reached skill level 5 in Evocations
  9099 | Bailey   | Reached skill level 9 in Axes
  9288 | Bailey   | Noticed a vault guard
  9308 | Bailey   | Killed a vault guard
  9309 | Bailey   | Reached XP level 10. HP: 16/86 MP: 9/9
  9656 | Bailey   | Noticed a vault guard
  9658 | Bailey   | Identified a scroll of acquirement
  9658 | Bailey   | Acquired a +2 vorpal executioner's axe
  9673 | Bailey   | Killed a vault guard
  9674 | Bailey   | Reached skill level 10 in Axes
 10293 | D:8      | Noticed a two-headed ogre
 10301 | D:8      | HP: 3/86 [two-headed ogre/+0 giant club (10)]
 10302 | D:8      | Mangled by a two-headed ogre

Illustrated notes

Levels and vault maps discovered:
D:1:      dpeg_arrival_castle, layout_loops_ring,
          chequers_ecumenical_altar_island
D:2:      minmay_alternating_diamond, layout_loops_ring, dk_noncrumbling_4,
          patterned_corridor
D:3:      layout_loops_corners, grunt_gozag_statues, serial_forest,
          infiniplex_forest_clump_large, infiniplex_forest_lined_3,
          infiniplex_forest_lined_4_way, infiniplex_forest_join,
          infiniplex_forest_lined_4_way, infiniplex_forest_clump_medium
D:4:      layout_cave_pods, minmay_temple_entry_offerings
D:5:      layout_basic, chequers_arboretum
D:6:      layout_basic, mainiacjoe_overflow_brackets, nicolae_take_the_stairs,
          minmay_shop_enchanted_jewellery
D:7:      layout_loops_ring, guppyfry_shop_venom, uniq_prince_ribbit1
D:8:      kennysheep_ambush_hall, layout_basic, amcnicky_altar_gilded,
          erik_lair_dragon, enter_bailey_2, chequers_avenue

Skill      XL: |  1  2  3  4  5  6  7  8  9 10 |
---------------+-------------------------------+-----
Shields        | 4 5 6 7 |  7.3
Armour         | 4 5 6 7 8 9 |  9.2
Axes           | 3 4 5 6 8 9 10 | 10.2
Fighting       | 4 6 7 |  7.5
Evocations     | 1 2 3 4 5 6 |  6.2
Dodging        | 1 2 |  2.0
Stealth        | 1 |  1.8

Action                   |  1- 3 |  4- 6 |  7- 9 | 10-12 || total
-------------------------+-------+-------+-------+-------++-------
Melee: War axe           |   102 |   116 |    61 |       ||   279
       Headbutt          |    16 |    29 |    53 |     7 ||   105
       Hand axe          |       |       |   124 |     1 ||   125
       Executioner's axe |       |       |       |    34 ||    34
Invok: Renounce Religion |     1 |       |       |       ||     1
       Potion Petition   |       |       |     1 |       ||     1
  Use: Potion            |       |     1 |     2 |       ||     3
       Scroll            |       |       |       |     1 ||     1
Armor: Scale mail        |    43 |    53 |    10 |       ||   106
       Chain mail        |       |       |    40 |       ||    40
       Plate armour      |       |       |       |    42 ||    42
Dodge: Dodged            |    52 |    42 |    59 |    25 ||   178
Block: Buckler           |    29 |    20 |    94 |     4 ||   147
       Other             |       |       |       |    11 ||    11
